Map: Catalyst LE

Players

Maru

  • Race: Terran Terran
  • Spawn Location: 5:00

sOs - Winner!

  • Race: Protoss Protoss
  • Spawn Location: 11:00

Event: IEM Season 12 - Katowice

VOD

https://www.twitch.tv/videos/234812033

Description

Time

  • Played on: March 3, 2018, 9:38 a.m.
  • Length: 9:37

All games in this series

Show
View Real Time Build Order
Export as new Build Order

Maru Terran 

Build Orders: Cyclone Opening, Gas First Reaper Expand, Reaper Expand, MMM Bio 

Get SALT Encoding   

  12  0:00  SCV  
  13  0:13  SCV  
  14  0:17  Supply Depot  
  14  0:25  SCV  
  15  0:30  Refinery  
  15  0:38  SCV  
  16  0:44  Barracks  
  16  0:50  SCV  
  17  1:02  SCV  
  18  1:15  SCV  
  19  1:31  Orbital Command  
  19  1:32  Reaper  
  20  1:48  Command Center  
  20  1:56  Factory  
  20  1:59  SCV  
  21  2:08  Supply Depot  
  21  2:10  Barracks Reactor  
  21  2:13  SCV  
  22  2:18  Refinery  
  22  2:25  SCV  
  23  2:38  Command Center  
  23  2:40  Bunker  
  23  2:42  SCV  
  23  2:44  Cyclone  
  23  2:47  Marine  
  23  2:49  Marine  
  28  2:55  SCV  
  29  3:05  Marine  
  27  3:07  SCV, Marine  
  30  3:15  Supply Depot  
  30  3:20  SCV  
  31  3:28  Starport  
  31  3:36  Cyclone  
  31  3:40  SCV  
  35  3:44  Marine x2  
  37  3:54  Orbital Command  
  36  3:58  SCV  
  37  4:03  Marine x2  
  37  4:07  Medivac  
  41  4:12  Factory Tech Lab  
  41  4:15  SCV  
  41  4:16  Orbital Command  
  42  4:21  Barracks  
  42  4:24  Marine x2  
  42  4:28  SCV  
  45  4:38  Supply Depot  
  45  4:40  Factory Tech Lab  
  45  4:42  SCV, Marine x2  
  48  4:46  SCV, Raven  
  51  4:55  SCV, Barracks  
  51  4:58  SCV  
  53  5:01  Siege Tank  
  51  5:07  SCV  
  51  5:11  SCV, Bunker  
  51  5:12  Marine  
  51  5:19  SCV  
  52  5:23  SCV  
  52  5:25  Marine  
  52  5:26  Marine  
  52  5:30  Marine  
  50  5:39  Orbital Command  
  42  5:43  Marine  
  42  5:44  Marine x2  
  42  5:48  Marine  
  46  5:57  SCV  
  43  5:59  Siege Tank  
  43  6:01  Orbital Command  
  46  6:08  Barracks Tech Lab  
  46  6:10  SCV  
  42  6:14  Engineering Bay  
  42  6:17  Stimpack, Marauder  
  44  6:22  Supply Depot  
  44  6:23  SCV  
  44  6:25  Starport Reactor  
  45  6:28  SCV  
  45  6:32  Siege Tank  
  49  6:35  SCV  
  49  6:36  Marauder  
  52  6:40  SCV  
  52  6:42  Terran Infantry Weapons Level 1  
  52  6:44  Marine x2  
  55  6:47  SCV  
  55  6:49  Supply Depot  
  55  6:51  Marauder  
  58  6:54  Concussive Shells  
  58  6:55  SCV  
  58  6:59  SCV  
  60  7:02  Refinery  
  60  7:09  SCV  
  60  7:10  Supply Depot, Marine  
  60  7:11  Marine  
  60  7:15  Marauder x2  
  67  7:18  Factory Reactor  
  67  7:22  Supply Depot, SCV x2  
  68  7:34  SCV, Medivac  
  68  7:36  Marine x2, Marauder  
  75  7:37  Marauder  
  67  7:48  SCV  
  57  7:54  Orbital Command, Marine x2  
  57  7:58  Widow Mine, Marauder  
  62  8:00  SCV  
  63  8:11  Widow Mine  
  65  8:17  Combat Shields  
  65  8:19  Widow Mine  
  67  8:22  SCV  
  67  8:25  Medivac  
  70  8:29  Supply Depot  
  70  8:31  Marine x2  
  72  8:34  Widow Mine  
  72  8:41  Marauder x2  
  78  8:44  Supply Depot  
  78  8:50  Widow Mine  
  78  8:54  SCV  
  81  9:00  Marine x2  
  81  9:02  Marauder  
  85  9:04  Supply Depot  
  85  9:06  Marauder  
  85  9:09  SCV x2  
  89  9:18  Marine x2  
  89  9:21  SCV  
  89  9:22  SCV  
Show
View Real Time Build Order
Export as new Build Order

sOs Protoss - Winner!

Build Orders: Blink Stalkers 

Get SALT Encoding   

  12  0:00  Probe  
  13  0:12  Probe  
  14  0:17  Pylon  
  14  0:24  Probe (Chrono Boost)  
  15  0:37  Probe (Chrono Boost)  
  15  0:38  Gateway  
  16  0:45  Probe (Chrono Boost)  
  16  0:49  Assimilator  
  17  0:51  Probe  
  18  1:02  Pylon  
  19  1:04  Probe  
  19  1:16  Probe  
  20  1:26  Zealot, Cybernetics Core  
  20  1:29  Probe  
  23  1:56  Nexus  
  23  2:00  Stalker (Chrono Boost)  
  25  2:09  Warp Gate  
  25  2:10  Probe  
  25  2:15  Assimilator  
  25  2:23  Stalker  
  25  2:25  Probe  
  28  2:32  Pylon  
  28  2:38  Probe (Chrono Boost)  
  29  2:50  Probe (Chrono Boost), Twilight Council  
  30  2:56  Probe (Chrono Boost)  
  31  3:05  Probe  
  32  3:12  Probe (Chrono Boost)  
  33  3:13  Stalker  
  36  3:20  Blink (Chrono Boost)  
  36  3:23  Probe (Chrono Boost)  
  36  3:24  Probe (Chrono Boost)  
  37  3:29  Probe (Chrono Boost)  
  37  3:30  Probe (Chrono Boost)  
  39  3:40  Gateway  
  39  3:44  Gateway  
  39  3:47  Probe x2  
  41  3:56  Robotics Facility  
  41  3:59  Probe  
  41  4:01  Probe  
  43  4:11  Probe  
  43  4:13  Probe  
  45  4:17  Stalker  
  47  4:25  Probe  
  47  4:26  Nexus  
  47  4:28  Probe  
  49  4:33  Pylon  
  49  4:44  Stalker x3  
  54  4:45  Observer  
  54  4:48  Pylon  
  54  4:52  Shield Battery  
  54  5:00  Probe x2  
  56  5:08  Stalker x2  
  56  5:10  Zealot  
  62  5:17  Pylon  
  62  5:22  Probe x2  
  64  5:29  Cybernetics Core  
  64  5:40  Probe x2  
  66  5:46  Zealot x3  
  65  5:58  Charge (Chrono Boost)  
  65  5:59  Probe x2  
  65  6:03  Probe  
  68  6:10  Warp Prism (Chrono Boost)  
  68  6:12  Gateway  
  68  6:14  Gateway x2  
  68  6:16  Gateway  
  68  6:17  Gateway  
  68  6:20  Probe x3  
  71  6:30  Forge  
  71  6:31  Forge  
  71  6:39  Sentry x3  
  77  6:42  Probe x3  
  80  6:52  Pylon  
  80  6:56  Probe x3  
  80  6:57  Pylon  
  83  7:04  Pylon  
  83  7:09  Pylon  
  83  7:11  Zealot x5  
  83  7:12  Zealot x3  
  83  7:13  Protoss Ground Weapons Level 1 (Chrono Boost), Protoss Ground Armor Level 1 (Chrono Boost)  
  99  7:33  Stalker x2  
  99  7:34  Zealot x3  
  99  7:35  Zealot x3  
  89  7:54  Stalker  
  89  7:55  Zealot x4, Stalker  
  101  8:00  Assimilator x2  
  101  8:02  Observer  
  93  8:14  Immortal  
  93  8:16  Zealot x6  
  93  8:18  Pylon  
  109  8:23  Photon Cannon  
  109  8:26  Pylon  
  109  8:40  Pylon  
  109  8:45  Pylon  
  109  8:53  Immortal  
  111  9:04  Zealot x5  
  111  9:05  Zealot x3  
  127  9:11  Pylon  
  127  9:26  Zealot x7  

Tags
 
Add a new tag
Caveats
  • Supply blocks, unpowered buildings, or Contaminate may cause inaccurate times.
  • Supply counts are checked every 10 seconds.